 Dungeon Crawl Stone Soup version 0.18.1-48-g4cf74bf (webtiles) character file.

495 Heedrag the Covert (level 7, -3/40 HPs)
             Began as a Kobold Assassin on Aug 4, 2016.
             Slain by an orc
             ... wielding a cursed +0 falchion
              (7 damage)
             ... on level 3 of the Dungeon.
             The game lasted 00:07:37 (3220 turns).

Heedrag the Covert (Kobold Assassin)                Turns: 3220, Time: 00:07:38

Health: -3/40      AC:  5    Str:  9    XL:     7   Next: 38%
Magic:  7/7        EV: 13    Int: 11    God:
Gold:   235        SH:  0    Dex: 18    Spells: 0 memorised, 6 levels left

rFire  . . .     SeeInvis .     l - +2 short sword (venom)
rCold  . . .     Gourm    .     c - +0 robe
rNeg   . . .     Faith    .     (shield restricted)
rPois  .         Spirit   .     (no helmet)
rElec  .         Dismiss  +     d - +0 cloak
rCorr  .         Reflect  .     D - +1 pair of gloves
SustAt .         Harm     .     (no boots)
MR     .....                    B - amulet of dismissal
Stlth  ++++......               (no ring)
                                (no ring)

@: not resistant to hostile enchantments, stealthy
A: carnivore 3
a: no special abilities


You were on level 3 of the Dungeon.
You were completely stuffed.

You visited 1 branch of the dungeon, and saw 4 of its levels.

You collected 235 gold pieces.

Inventory:

Hand Weapons
 a - a +2 dagger
 b - a +0 blowgun
 l - a +2 short sword of venom (weapon)
Missiles
 e - 43 poisoned needles
 f - 2 curare-tipped needles
Armour
 c - a +0 robe (worn)
 d - a +0 cloak (worn)
 s - a +0 buckler
 D - a +1 pair of gloves (worn)
Jewellery
 j - an uncursed ring of ice
 B - an amulet of dismissal (around neck)
 E - an uncursed ring of fire
Wands
 p - a wand of lightning (5/15)
Scrolls
 h - 2 scrolls of magic mapping {unknown}
 o - 2 scrolls of fear {unknown}
 t - 2 scrolls of immolation {unknown}
 x - a scroll of fog {unknown}
 y - a scroll of recharging {unknown}
 z - a scroll of teleportation {unknown}
 A - a scroll of random uselessness {unknown}
 C - a scroll of identify {unknown}
 H - a scroll of enchant weapon {unknown}
Potions
 k - a potion of agility {unknown}
 n - a potion of lignification {unknown}
 q - 3 potions of curing {unknown}
 r - a potion of mutation {unknown}
 u - a potion of invisibility {unknown}
 v - a potion of beneficial mutation {unknown}
Comestibles
 g - 3 meat rations
 i - a slice of pizza
 m - 2 fruits
 w - a beef jerky
 F - 2 bread rations


   Skills:
 - Level 2.1(1.0) Fighting
 + Level 6.2(3.1) Short Blades
 - Level 2.1(1.0) Throwing
 - Level 1.2(0.6) Dodging
 * Level 9.9(5.9) Stealth


You had 6 spell levels left.
You didn't know any spells.

Dungeon Overview and Level Annotations

Branches:
Dungeon (4/15)
 Temple: D:4-7

Altars:
Ashenzari
Fedhas
Gozag

Annotations:
D:3 ThereIsNoGod's ghost, weakling MiGl


Innate Abilities, Weirdness & Mutations

You are small and have problems with some larger weapons.
You are carnivorous and can eat meat at any time.


Message History

* * * LOW HITPOINT WARNIN'
* * * Tha orc barely misses ye.
Tha orc barely misses ye.
Tha giant gecko completely misses ye.
Ye closely miss tha giant gecko.
Tha giant gecko misses ye.
Ye hit tha giant gecko but do nay damage.
Tha giant gecko bites ye but does nay damage.
Tha orc hits ye from afar wit' a trident.
* * * LOW HITPOINT WARNIN'
* * * Thar be a stone staircase leadin' up 'ere.
Tha orc closely misses ye.
Ye climb upwards.
Level annotation: TharIsNoGod's ghost, weaklin' MiGl Thar be a stone staircase leadin' down 'ere.
Ye hit tha orc.
Tha orc be poison'd.
Tha orc be moderately wounded.
Ye hit tha orc.
Tha orc looks ev'n sicker.
Tha orc be severely wounded.
Tha orc hits ye wit' a falchion!
Ye die...

....# #..#...........#..#.#...##.
#######..#....................##.
.........#...........#........##.
#######..#...........#..#.#.#.##.
#.......................#.#.#.##.
..............######..........##.
#.#.................##..#.#.#.##.
#.#####..#...######.##..#.#.#.##.
.............>.o@................
..†..##..##...#####.##........##.
.P.P.##..##...#####.###.#.#.#.##.
.._............................#.
.P.P......................###..#.
.........##...#####.###.### #..#.
.................##.# #.# #....
.........##...##.##.# #.# #..#.
#.###.##.##.).##.##.# #.#####..#.


You could see an orc.

Vanquished Creatures
  Sigmund (D:2)
  An ogre (D:4)
  A hound (D:4)
  Ijyb (D:2)
  A hound skeleton (D:4)
  9 adders
  An ooze (D:1)
  2 adder skeletons (D:4)
  3 worms (D:2)
  3 dart slugs
  4 giant geckos
  2 orcs (D:3)
  2 ball pythons
  6 bats
  2 giant cockroaches
  6 goblins
  7 hobgoblins
  8 jackals
  3 quokkas
  4 giant newts
  9 kobolds
  10 rats
86 creatures vanquished.

Notes
Turn   | Place    | Note
--------------------------------------------------------------
     0 | D:1      | Heedrag the Kobold Assassin began the quest for the Orb.
     0 | D:1      | Reached XP level 1. HP: 12/12 MP: 1/1
   197 | D:1      | Reached XP level 2. HP: 16/17 MP: 2/2
   245 | D:1      | Reached skill level 6 in Stealth
   409 | D:1      | Reached XP level 3. HP: 16/21 MP: 3/3
   886 | D:2      | Noticed Ijyb
   886 | D:2      | Noticed Sigmund
   933 | D:2      | Reached XP level 4. HP: 24/26 MP: 4/4
   977 | D:2      | Killed Sigmund
   977 | D:2      | Reached skill level 8 in Stealth
   977 | D:2      | Reached XP level 5. HP: 20/30 MP: 5/5
   977 | D:2      | Reached XP level 6. HP: 23/35 MP: 6/6
   992 | D:2      | Killed Ijyb
  1003 | D:2      | Reached skill level 5 in Short Blades
  1015 | D:2      | Found a faded altar to an unknown god.
  1075 | D:2      | Found an opulent altar of Gozag.
  1078 | D:2      | Became a worshipper of Ashenzari the Shackled
  1078 | D:2      | Reached * piety under Ashenzari
  1134 | D:2      | Fell from the grace of Ashenzari
  1473 | D:2      | Reached skill level 9 in Stealth
  1743 | D:3      | Found a blossoming altar of Fedhas.
  2314 | D:3      | Noticed ThereIsNoGod's ghost (weakling MiGl)
  2911 | D:4      | Noticed an ogre
  2930 | D:4      | Killed an ogre
  2930 | D:4      | Reached XP level 7. HP: 24/40 MP: 7/7
  3199 | D:4      | HP: 1/40 [orc/trident (5)]
  3220 | D:3      | Slain by an orc

Skill      XL: |  1  2  3  4  5  6  7 |
---------------+----------------------+-----
Stealth        | 6 8 9 |  9.9
Short Blades   | 3 4 5 6 |  6.2
Fighting       | |  2.1
Throwing       | |  2.1
Dodging        | |  1.2

Action                   |  1- 3 |  4- 6 |  7- 9 || total
-------------------------+-------+-------+-------++-------
Melee: Dagger            |    67 |       |       ||    67
       Short sword       |    18 |   125 |    20 ||   163
Invok: Renounce Religion |       |     1 |       ||     1
 Stab: Sleeping          |     8 |     9 |     2 ||    19
       Distracted        |       |     1 |       ||     1
  Eat: Chunk             |     8 |     7 |     1 ||    16
Armor: Robe              |    16 |    18 |     4 ||    38
Dodge: Dodged            |    57 |    74 |    33 ||   164
